 Dungeon Crawl Stone Soup version 0.30-a0-1082-g70414cbcbb (webtiles) character file.

Game seed: 6570021061592237836

25131 Arzdou the Severer (level 12, -17/110 HPs)
             Began as a Minotaur Berserker on Apr 15, 2023.
             Was a Priest of Trog.
             Killed from afar by an oklob plant (21 damage)
             ... with a splash of acid
             ... on level 1 of the Lair of Beasts.
             The game lasted 00:37:24 (19465 turns).

Arzdou the Severer (Minotaur Berserker)            Turns: 19465, Time: 00:37:24

Health: -17/110    AC:  9    Str: 26    XL:     12   Next: 86%
Magic:  11/11      EV: 10    Int:  4    God:    Trog [***...]
Gold:   501        SH:  0    Dex: 11    Spells: 11/11 levels left

rFire   . . .      SeeInvis .    c - +2 executioner's axe
rCold   . . .      Faith    +    (shield currently unavailable)
rNeg    . . .      Spirit   .    X - +0 plate armour
rPois   +          Reflect  .    (helmet restricted)
rElec   .          Rampage  .    t - +0 cloak
rCorr   .                        H - +0 pair of gloves
Will    +....                    (no boots) Stlth
                                 q - amulet of faith
HPRegen 0.38/turn                v - ring of willpower
MPRegen 0.12/turn                P - ring of poison resistance

@: corroded
A: horns 2, retaliatory headbutt
a: Renounce Religion, Berserk, Trog's Hand


You were on level 1 of the Lair of Beasts.
You worshipped Trog.
Trog was most pleased with you.
You visited 2 branches of the dungeon, and saw 12 of its levels.
You also visited: Sewer.

You collected 781 gold pieces.
You spent 280 gold pieces at shops.

Inventory:

Hand Weapons
 c - a +2 executioner's axe (weapon)
 n - a +0 dire flail
 Q - the +1 falchion "Tomul" {protect, rElec rN+}
   (You found it on level 2 of the Dungeon)

   rElec:     It insulates you from electricity.
   rN:        It protects you from negative energy.
 Y - a +3 broad axe
Armour
 t - a +0 cloak (worn)
 H - a +0 pair of gloves (worn)
 J - the +5 leather armour of the King of the Hill {+Inv rF++ SInv}
   (You found it on level 5 of the Dungeon)

   rF:        It greatly protects you from fire.
   SInv:      It lets you see invisible.
   +Inv:      It lets you turn invisible.
 X - a +0 plate armour (worn)
Jewellery
 a - an amulet of reflection
 q - an amulet of faith (around neck)
 v - a ring of willpower (left hand)
 x - a ring of flight
 L - the ring "Omoer" {rC+ Int+2}
   (You found it on level 6 of the Dungeon)

   [ring of protection from cold]

   Int:       It affects your intelligence (+2).
   rC:        It protects you from cold.
 P - a ring of poison resistance (right hand)
Wands
 p - a wand of roots (3)
 w - a wand of charming (41)
 F - a wand of flame (25)
 I - a wand of mindburst (5)
 N - a wand of quicksilver (44)
 S - a wand of digging (2)
Scrolls
 d - 4 scrolls of immolation
 e - a scroll of silence {unknown}
 f - a scroll of brand weapon {unknown}
 g - a scroll of poison {unknown}
 h - 2 scrolls of blinking
 j - 3 scrolls of noise
 k - 7 scrolls of fear
 l - 2 scrolls of butterflies {unknown}
 o - 2 scrolls of teleportation
 s - a scroll of acquirement {unknown}
 y - 2 scrolls of enchant weapon
 K - 2 scrolls of magic mapping
 M - 2 scrolls of enchant armour {unknown}
 R - a scroll of fog {unknown}
 T - a scroll of amnesia {unknown}
 W - a scroll of vulnerability {unknown}
Potions
 b - a potion of degeneration {unknown}
 i - 5 potions of brilliance
 m - a potion of might
 r - 4 potions of curing
 u - 3 potions of flight
 z - 3 potions of heal wounds
 A - 2 potions of haste
 B - 5 potions of mutation
 C - 3 potions of ambrosia
 E - 4 potions of berserk rage
 G - 7 potions of lignification
 U - a potion of invisibility {unknown}
 V - a potion of resistance {unknown}
Miscellaneous
 D - a phial of floods


   Skills:
 + Level 11.0 Fighting
 + Level 0.3 Long Blades
 * Level 17.1(18.2) Axes
 + Level 10.5(15.0) Maces & Flails
 + Level 10.5 Armour
 + Level 8.5 Dodging


You had 11 spell levels left.
You didn't know any spells.
Your spell library was empty.

Dungeon Overview and Level Annotations

Branches:
Dungeon (11/15)            Temple (0/1) D:5            Lair (1/5) D:11
    Orc (0/2) D:10          Sewer (visited)

Altars:
Hepliaklqana
Nemelex Xobeh
Okawaru
Sif Muna
Yredelemnul
The Shining One

Shops:
D:6 !   D:7 :   D:8 :   D:11 =

Annotations:
D:4 2 runed translucent doors, Winter's ghost, amateur MiFi
D:9 2 runed translucent doors, qborf's ghost, novice DsCj
Lair:1 exclusion: oklob plant


Innate Abilities, Weirdness & Mutations

You have a pair of horns on your head.
You reflexively headbutt those who attack you in melee.


Message History

You feel a strong urge to attack something.
You start resting.
You are no longer berserk.
You are exhausted.
You feel yourself slow down.
You start resting.
You feel yourself speed up.
You start resting.
You recover from your berserk rage.
You start resting.
HP restored.
Really walk into a travel-excluded area?
The oklob plant spits acid at you. The splash of acid hits you!!
You see here a cane toad skeleton.
The oklob plant spits acid at you. The splash of acid misses you.
The oklob plant spits acid at you. The splash of acid hits you!
The acid corrodes you! The oklob plant spits acid at you.
The splash of acid hits you! The acid corrodes you!
You hit the oklob plant but do no damage.
You headbutt the oklob plant, but do no damage.
You slash the oklob plant!
The oklob plant is lightly damaged.
You open the oklob plant like a pillowcase!!!
You headbutt the oklob plant.
The oklob plant is almost destroyed.
The oklob plant spits acid at you. The splash of acid hits you!!
* * * LOW HITPOINT WARNING * * *
The oklob plant spits acid at you. The splash of acid hits you!
* * * LOW HITPOINT WARNING * * *
The oklob plant spits acid at you. The splash of acid hits you!
* * * LOW HITPOINT WARNING * * *
The oklob plant spits acid at you. The splash of acid hits you!!
You die...

## ## #### .###P.# ####
#..###....P##
#####P.######PP.P.......
#..###P..##...P...P.....
#####.PP...PPPP.....P.P.#
...###..P.......@..##..##
P..PP..........÷#### .#
..........÷####..# #
.........### #..##
...####.P.# #### ##.P#
##### #### #### ####
######## #### ####
#..#####..###..##..# #..#
#..#


You could see an oklob plant.

Vanquished Creatures
  An ogre mage (D:9)
  Erica (D:10)
  Erolcha (D:9)
  A hydra (D:11)
  A two-headed ogre (D:11)
  4 death yaks (D:11)
  Nergalle (D:10)
  Pikel (D:5)
  A deep elf pyromancer (D:10)
  3 oklob plants (Lair:1)
  Maurice (D:9)
  2 cane toads (Lair:1)
  Maggie (D:7)
  A gargoyle (D:9)
  A komodo dragon (Lair:1)
  A polar bear (Lair:1)
  2 trolls
  A hornet (D:10)
  2 shadows (D:9)
  3 wraiths (D:11)
  18 yaks
  Grum (D:9)
  3 basilisks (D:11)
  5 wyverns
  2 steam dragons
  3 acid dragons
  5 water moccasins
  6 orc warriors
  A sky beast (D:6)
  3 black bears
  Pargi (Sewer)
  The ghost of Arzdou the Trooper, an amateur HOFi (D:3)
  3 ice beasts
  7 ogres
  2 wolves (D:9)
  4 centaurs
  3 lemures
  4 phantoms
  6 kobold brigands
  Blork the orc (D:4)
  5 bullfrogs
  6 scorpions
  9 wights
  14 killer bees
  5 electric eels
  4 howler monkeys
  4 hounds
  A jelly (D:7)
  4 orc priests
  2 gnoll boudas
  Crazy Yiuf (D:2)
  3 sleepcaps
  Natasha (thrice) (D:4)
  Terence (D:2)
  3 iguanas
  9 orc wizards
  A scorpion simulacrum (D:3)
  6 adders
  21 gnolls
  A hound simulacrum (D:3)
  2 shadow imps (D:5)
  2 white imps
  A worm (D:2)
  2 dart slugs
  2 adder simulacra (D:3)
  22 orcs
  A bat (D:2)
  7 endoplasms
  4 giant cockroaches
  14 goblins
  6 hobgoblins
  5 jackals (D:2)
  5 quokkas (D:3)
  6 ball pythons
  8 frilled lizards
  A jackal simulacrum (D:3)
  20 kobolds
  A quokka simulacrum (D:3)
  6 rats
327 creatures vanquished.

Vanquished Creatures (collateral kills)
  2 death yaks (D:11)
  2 two-headed ogres
4 creatures vanquished.

Vanquished Creatures (others)
  An orc wizard (D:9)
  4 fungi (D:11)
  56 plants
61 creatures vanquished.

Grand Total: 392 creatures vanquished

Notes
Turn   | Place    | Note
-------+----------+-------------------------------------------
     0 | D:1      | Arzdou the Minotaur Berserker began the quest for the Orb.
     0 | D:1      | Reached XP level 1. HP: 19/19 MP: 0/0
   207 | D:1      | Reached XP level 2. HP: 26/27 MP: 1/1
   275 | D:1      | Reached skill level 4 in Axes
   579 | D:1      | Reached ** piety under Trog
   870 | D:2      | Identified the +1 falchion "Tomul" {protect, rElec rN+}
   898 | D:2      | Reached XP level 3. HP: 28/33 MP: 2/2
   972 | D:2      | Reached skill level 1 in Maces & Flails
  1219 | D:2      | Reached XP level 4. HP: 38/40 MP: 3/3
  1338 | D:2      | Noticed Terence
  1344 | D:2      | Killed Terence
  1774 | D:2      | Noticed a phantom
  1782 | D:2      | Killed a phantom
  1783 | D:2      | Reached skill level 5 in Axes
  1783 | D:2      | Reached XP level 5. HP: 47/47 MP: 4/4
  2108 | D:2      | Found a runed translucent door.
  2109 | D:2      | Noticed Crazy Yiuf
  2277 | D:2      | Killed Crazy Yiuf
  2578 | D:3      | Reached XP level 6. HP: 53/53 MP: 5/5
  2615 | D:3      | Found a runed translucent gate.
  2615 | D:3      | Found a runed translucent gate.
  2615 | D:3      | Found a runed translucent gate.
  3006 | D:3      | Noticed Arzdou's ghost (amateur HOFi)
  3137 | D:3      | Found a glowing drain.
  3156 | Sewer    | Entered a sewer
  3203 | Sewer    | Noticed Pargi
  3209 | Sewer    | Killed Pargi
  3293 | Sewer    | Reached *** piety under Trog
  3657 | D:3      | Reached skill level 6 in Axes
  3677 | D:3      | Killed Arzdou's ghost
  3678 | D:3      | Reached skill level 5 in Fighting
  3680 | D:3      | Reached XP level 7. HP: 26/61 MP: 6/6
  4010 | D:3      | Reached skill level 5 in Armour
  4053 | D:4      | Found a hazy altar of Hepliaklqana.
  4125 | D:4      | Found a large runed translucent door.
  4125 | D:4      | Found a large runed translucent door.
  4129 | D:4      | Noticed Winter's ghost (amateur MiFi)
  4300 | D:4      | Noticed Blork the orc
  4317 | D:4      | Killed Blork the orc
  4343 | D:4      | Noticed Natasha
  4356 | D:4      | Killed Natasha
  4589 | D:4      | Noticed Natasha
  4593 | D:4      | Killed Natasha
  4939 | D:5      | Entered Level 5 of the Dungeon
  4985 | D:4      | Reached skill level 7 in Axes
  5223 | D:5      | Reached XP level 8. HP: 70/70 MP: 7/7
  5269 | D:5      | Reached skill level 5 in Maces & Flails
  5298 | D:5      | Identified the +5 leather armour of the King of the Hill
                  | {+Inv rF++ SInv}
  5633 | D:5      | Reached skill level 8 in Axes
  5903 | D:5      | Found a staircase to the Ecumenical Temple.
  5978 | D:6      | Noticed Pikel
  6134 | D:5      | Killed Pikel
  6135 | D:5      | Reached XP level 9. HP: 78/78 MP: 8/8
  6347 | D:6      | Reached skill level 9 in Axes
  6359 | D:6      | Reached **** piety under Trog
  6450 | D:6      | Reached skill level 5 in Dodging
  6799 | D:6      | Identified the ring "Omoer" {rC+ Int+2}
  6844 | D:6      | Found Ushob's Distillery.
  7402 | D:7      | Found Bemaq's Self-Improvement Boutique.
  7428 | D:6      | Reached skill level 10 in Axes
  7450 | D:7      | Noticed Maggie
  7473 | D:7      | Killed Maggie
  7492 | D:7      | Noticed a two-headed ogre
  7511 | D:6      | Killed a two-headed ogre
  7512 | D:6      | Reached XP level 10. HP: 23/88 MP: 9/9
  8216 | D:7      | Found a sparkling altar of Nemelex Xobeh.
  8453 | D:8      | Reached skill level 11 in Axes
  8729 | D:8      | Found Juasony's Vocational Training.
  9013 | D:8      | Found a shimmering blue altar of Sif Muna.
  9131 | D:8      | Reached ***** piety under Trog
  9426 | D:9      | Noticed Erolcha
  9436 | D:9      | Killed Erolcha
  9574 | D:9      | Noticed an ogre mage
  9582 | D:9      | Reached skill level 12 in Axes
  9585 | D:9      | Killed an ogre mage
  9590 | D:9      | Reached XP level 11. HP: 97/97 MP: 10/10
  9815 | D:9      | Noticed Grum
  9824 | D:9      | Killed Grum
  9900 | D:9      | Noticed Maurice
  9915 | D:9      | Killed Maurice
 10097 | D:9      | Found an iron altar of Okawaru.
 10282 | D:9      | Found a large runed translucent door.
 10282 | D:9      | Found a large runed translucent door.
 10283 | D:9      | Noticed qborf's ghost (novice DsCj)
 10389 | D:9      | Noticed a two-headed ogre
 10396 | D:9      | Killed a two-headed ogre
 10397 | D:9      | Reached skill level 13 in Axes
 10747 | D:9      | Found a basalt altar of Yredelemnul.
 10889 | D:10     | Entered Level 10 of the Dungeon
 11750 | D:10     | Noticed Nergalle
 11771 | D:10     | Killed Nergalle
 11983 | D:10     | Noticed a deep elf pyromancer
 11998 | D:10     | Killed a deep elf pyromancer
 12259 | D:10     | Reached skill level 14 in Axes
 12264 | D:10     | Reached skill level 10 in Maces & Flails
 12453 | D:10     | Found a staircase to the Orcish Mines.
 12556 | D:10     | Noticed Erica
 12570 | D:10     | Killed Erica
 12571 | D:10     | Reached skill level 10 in Fighting
 12724 | D:10     | Found a glowing golden altar of the Shining One.
 13345 | D:11     | Received a gift from Trog
 13497 | D:11     | Noticed a four-headed hydra
 13641 | D:11     | Found Poduoniv's Jewellery Shop.
 13647 | D:11     | Noticed a two-headed ogre
 13655 | D:11     | Killed a two-headed ogre
 13656 | D:11     | Reached XP level 12. HP: 106/106 MP: 11/11
 13719 | D:11     | Found a staircase to the Lair.
 13880 | D:11     | Reached skill level 15 in Axes
 14561 | D:11     | Bought a ring of poison resistance for 280 gold pieces
 14584 | D:11     | Killed a four-headed hydra
 14591 | Lair:1   | Entered Level 1 of the Lair of Beasts
 15082 | D:4      | Noticed Natasha
 15091 | D:4      | Killed Natasha
 15639 | Lair:1   | Reached skill level 16 in Axes
 15901 | Lair:1   | Noticed a death yak
 15901 | Lair:1   | Noticed a death yak
 15902 | Lair:1   | Noticed a death yak
 15903 | Lair:1   | Noticed a death yak
 15908 | Lair:1   | Noticed a death yak
 15914 | Lair:1   | Noticed a death yak
 15940 | Lair:1   | HP: 3/108 [death yak (9)]
 16458 | D:11     | Killed a death yak
 16479 | D:11     | Killed a death yak
 17024 | D:11     | Killed a death yak
 17036 | D:11     | Killed a death yak
 17037 | D:11     | Reached skill level 10 in Armour
 17274 | D:11     | Found a staircase to the Lair.
 17346 | D:11     | Found Poduoniv's Jewellery Shop.
 17786 | D:11     | Found a staircase to the Lair.
 18136 | D:11     | Found Poduoniv's Jewellery Shop.
 18338 | D:11     | Killed a death yak
 18342 | D:11     | Killed a death yak
 19223 | Lair:1   | Reached skill level 17 in Axes
 19464 | Lair:1   | HP: 4/110 [oklob plant/splash of acid (14)]
 19465 | Lair:1   | Killed from afar by an oklob plant

Illustrated notes

Levels and vault maps discovered:
D:1:      dpeg_arrival_morbid_curiosity, layout_basic
D:2:      layout_basic, minivault_27, minmay_fractal_squares_gapless_5,
          uniq_terence, uniq_crazy_yiuf_cottage
D:3:      layout_loops_ring, gammafunk_ghost_icy, gup_sewer_entry_pipe
D:4:      layout_basic, nzn_hepliaklqana_mist_gate, ebering_ghost_disaster_area,
          uniq_blork_the_orc, uniq_natasha
D:5:      layout_gridville, minmay_temple_entry_mist, nrook_pool_corridor,
          st_stairs_2
D:6:      layout_cave_pools, serial_shops, shop, uniq_pikel
D:7:      layout_cave_pools, nemelex_spade_bored_becter, nicolae_shop_self_help,
          uniq_maggie
D:8:      layout_loops_cross, nicolae_sif_muna_condensation,
          nicolae_shop_vocational
D:9:      nzn_winding_woodlands_cross [nzn_winding_woodlands_5x15_pockets,
          nzn_winding_woodlands_5x15_crooked,
          nzn_winding_woodlands_5x15_sidewinder,
          nzn_winding_woodlands_5x15_jagged,
          nzn_winding_woodlands_15x15_eel_pit], layout_rooms,
          mainiacjoe_overflow_large_starburst, ebering_ghost_disaster_area,
          minmay_misc_feat_iff, chequers_arboretum, uniq_maurice, uniq_grum,
          uniq_erolcha
D:10:     layout_basic, kennysheep_mini, kennysheep_orc_monster_closet_entryway,
          uniq_erica, uniq_nergalle
D:11:     layout_stronghold, minmay_lair_entry_grove, serial_shops,
          nicolae_stop_n_shop_2, minivault_26
Lair:1:   minmay_lair_oklob_tunnel, layout_long_grid, serial_bayou_shore_b,
          grunt_megastairs_5, infiniplex_staircase_pool

Skill      XL: |  1  2  3  4  5  6  7  8  9 10 11 12 |
---------------+-------------------------------------+-----
Axes           | 4 5 6 7 8 10 12 14 17 | 17.1
Fighting       | 4 5 6 8 9 10 11 | 11.0
Maces & Flails | 1 2 3 4 6 7 9 10 | 10.5
Armour         | 3 4 5 6 7 8 10 | 10.5
Dodging        | 3 4 6 8 |  8.5
Long Blades    | |  0.3

Action                     |  1- 3 |  4- 6 |  7- 9 | 10-12 || total
---------------------------+-------+-------+-------+-------++-------
  Melee: Hand axe          |    71 |   125 |   283 |       ||   479
         Headbutt          |    11 |    13 |    55 |   139 ||   218
         Punch             |       |     1 |     3 |     2 ||     6
         Broad axe         |       |       |       |   340 ||   340
         Executioner's axe |       |       |       |   188 ||   188
         Falchion          |       |       |       |    16 ||    16
         Dire flail        |       |       |       |     4 ||     4
  Throw: Throwing net      |       |     1 |       |       ||     1
 Invoke: Berserk           |     2 |     5 |     5 |    16 ||    28
         Trog's Hand       |       |       |     1 |       ||     1
         Brothers in Arms  |       |       |     1 |     3 ||     4
    Use: Scroll            |       |       |     4 |    14 ||    18
         Potion            |       |       |     1 |       ||     1
 Armour: Animal skin       |     5 |       |       |       ||     5
         Scale mail        |     9 |     1 |       |       ||    10
         Ring mail         |       |    56 |    75 |       ||   131
         Leather armour    |       |       |    53 |    65 ||   118
         Plate armour      |       |       |       |   148 ||   148
  Dodge: Dodged            |    39 |    80 |   176 |   253 ||   548

Table legend: (Time is in decaauts)
 A = Elapsed time spent in this place.
 B = Non-inter-level travel time spent in this place.
 C = Inter-level travel time spent in this place.
 D = Time resting spent in this place.
 E = Time spent auto-exploring this place.
 F = Levels seen in this place.
 G = Mean time per level.
                   A        B        C        D        E       F      G
               +--------+--------+--------+--------+--------+-----+--------+
         Total |  19765 |  18410 |   1355 |   3852 |  11488 |  13 | 1520.4 |
       Dungeon |  17647 |  16306 |   1341 |   3235 |  10469 |  11 | 1604.3 |
          Lair |   1815 |   1801 |     14 |    577 |    901 |   1 | 1815.0 |
         Sewer |    302 |    302 |      0 |     39 |    117 |   1 |  302.0 |
               +--------+--------+--------+--------+--------+-----+--------+

Top non-repeatable levels by time:
    D:11: 4037 daAuts
    D:10: 2279 daAuts
  Lair:1: 1815 daAuts
     D:9: 1690 daAuts
     D:2: 1668 daAuts
     D:3: 1331 daAuts
     D:6: 1320 daAuts
     D:5: 1268 daAuts
     D:4: 1159 daAuts
     D:8: 1076 daAuts
     D:1: 985 daAuts
     D:7: 830 daAuts
   Sewer: 302 daAuts
